 Dungeon Crawl Stone Soup version 0.27.1-33-g824d729ab1 (webtiles) character file.

Game seed: 10296939068180813867

620 alasdair19 the Covered (level 7, 0/90 HPs)
             Began as a Minotaur Fighter on Dec 7, 2021.
             Killed by divine providence
             ... invoked by an orc priest
              (17 damage)
             ... on level 4 of the Dungeon.
             The game lasted 00:07:17 (3883 turns).

alasdair19 the Covered (Minotaur Fighter)           Turns: 3883, Time: 00:07:18

Health: 0/90       AC: 12    Str: 21    XL:     7   Next: 22%
Magic:  6/6        EV:  6    Int:  6    God:
Gold:   182        SH: 10    Dex: 10    Spells: 6/6 levels left

rFire    . . .     SeeInvis .   a - +0 long sword
rCold    . . .     Faith    .   c - +0 kite shield
rNeg     . . .     Spirit   .   r - +0 chain mail
rPois    +         Reflect  .   (helmet restricted)
rElec    .         Harm     .   w - +0 cloak
rCorr    .         Rampage  .   n - +0 pair of gloves
Will     .....                  (no boots)
Stlth    ..........             (no amulet)
HPRegen  0.25/turn              u - ring of poison resistance
MPRegen  0.10/turn              (no ring)

@: berserking (expiring), very quick
A: horns 2, retaliatory headbutt
a: no special abilities


You were on level 4 of the Dungeon.
You visited 1 branch of the dungeon, and saw 4 of its levels.

You collected 182 gold pieces.

Inventory:

Hand Weapons
 a - a +0 long sword (weapon)
 i - a +4 dagger of speed
Missiles
 b - a throwing net
 e - 4 javelins (quivered)
 j - 6 silver boomerangs
Armour
 c - a +0 kite shield (worn)
 n - a +0 pair of gloves (worn)
 r - a +0 chain mail (worn)
 w - a +0 cloak (worn)
Jewellery
 u - a ring of poison resistance (left hand)
Wands
 t - a wand of flame (13)
Scrolls
 g - a scroll of magic mapping
 k - a scroll of enchant armour {unknown}
 q - a scroll of teleportation
 v - a scroll of amnesia {unknown}
 x - a scroll of vulnerability {unknown}
Potions
 d - a potion of brilliance {unknown}
 f - 2 potions of degeneration {unknown}
 h - a potion of curing {unknown}
 l - a potion of lignification {unknown}
 m - a potion of berserk rage
 o - 2 potions of mutation {unknown}
 p - 2 potions of resistance {unknown}
 s - 2 potions of magic {unknown}


   Skills:
 + Level 4.8 Fighting
 + Level 5.5 Long Blades
 + Level 3.0 Throwing
 + Level 5.6 Armour
 + Level 5.4 Shields


You had 6 spell levels left.
You didn't know any spells.
Your spell library contained the following spells:

 Spells                   Type           Power      Damage    Failure   Level
 Freeze                   Ice            0%         1d3       100%        1
 Magic Dart               Conj           0%         1d3       100%        1
 Frozen Ramparts          Ice            0%         1d2       100%        3
 Hailstorm                Conj/Ice       0%         3d3       100%        4
 Fireball                 Conj/Fire      0%         3d3       100%        5
 Starburst                Conj/Fire      0%         6d3       100%        6
 Ignition                 Fire           0%         3d3       100%        8


Dungeon Overview and Level Annotations

Branches:
Dungeon (4/15)
 Temple: D:4-7

Altars:
Elyvilon
Zin
The Shining One

Shops:
D:4 =


Innate Abilities, Weirdness & Mutations

You have a pair of horns on your head.
You reflexively headbutt those who attack you in melee.


Message History

An orc priest comes into view. It is wielding a +2 trident of venom.
You barely miss the ogre.
The orc priest looks satisfied for a moment.
You block the ogre's attack.
The orc priest calls down the wrath of Beogh upon you.
Pain shoots through your body!
You hit the ogre. You headbutt the ogre.
The ogre is moderately wounded.
The ogre hits you but does no damage.
A worm comes into view.
You barely miss the ogre. You headbutt the ogre.
The ogre is moderately wounded.
The ogre hits you but does no damage.
A gnoll comes into view. It is wielding a +0 flail.
A red film seems to cover your vision as you go berserk!
You feel yourself moving faster!
You feel mighty!
The ogre hits you with a +0 giant club!!
You barely miss the ogre. You headbutt the ogre!
The ogre is severely wounded.
You block the ogre's attack.
You slash the ogre!
You kill the ogre!
You closely miss the orc priest. You block the orc priest's attack.
You closely miss the orc priest. Your headbutt misses the orc priest.
The orc priest invokes the aid of Beogh against you.
Pain shoots through your body!
The orc priest mumbles some strange prayers to Beogh against you.
Beogh smites you!
* * * LOW HITPOINT WARNING * * *
You closely miss the orc priest. The orc priest barely misses you.
You riposte.
You slash the orc priest!
The orc priest is severely wounded.
Your shield and chain mail prevent you from hitting the orc priest.
The orc priest is severely wounded.
The orc priest hits you but does no damage.
Your chain mail prevents you from hitting the orc priest.
The orc priest is severely wounded.
The orc priest invokes the aid of Beogh against you.
Beogh smites you!
You die...

# **,#..#,,*,*#.#..#.... ♣
*,#..#**,,*,#....#.### ♣
##..#*,**,,*###.)#.#..
###..#*,,,**,.# #..#.#.#
#...##,,,,,,g.# #..#.#.#
#.#..##,,,*#o.# #..#.#.#
#)##..##,*#.w#* #..#.#.#
##.#.#.)###o.#,###..#.#.# #
######..##.#.@#..#,*#....#.#..
#
#...)...#.#.#.oo#,*,#.#..#)###
#
#####...###########*##....)...
#
#.....)########...###.###.##.#
#
#####........##........##....#
#).....................####.##
#####.######.##.####...# #.#
#.# #.##.# #..## #.# #.#
#....# #..# #.#


You could see 2 orc priests.

Vanquished Creatures
  Sigmund (D:2)
  An ogre (D:4)
  3 orc priests (D:4)
  Crazy Yiuf (D:4)
  Terence (D:2)
  An iguana (D:4)
  An orc wizard (D:4)
  A killer bee zombie (D:4)
  3 adders
  5 gnolls (D:4)
  An adder skeleton (D:4)
  A worm (D:2)
  2 dart slugs
  6 orcs
  6 bats
  4 endoplasms
  3 giant cockroaches
  5 goblins
  6 hobgoblins
  4 jackals (D:3)
  5 kobolds
  3 quokkas
  13 ball pythons
  2 frilled lizards (D:2)
  A quokka skeleton (D:4)
  9 rats
89 creatures vanquished.

Notes
Turn   | Place    | Note
-------+----------+-------------------------------------------
     0 | D:1      | alasdair19 the Minotaur Fighter began the quest for the
                  | Orb.
     0 | D:1      | Reached XP level 1. HP: 19/19 MP: 0/0
   229 | D:1      | Reached XP level 2. HP: 27/27 MP: 1/1
   237 | D:1      | Found a faded altar of an unknown god.
   250 | D:1      | Got Plato's Reference Book on Attacks
   733 | D:2      | Noticed Terence
   743 | D:2      | HP: 1/27 [Terence (6)]
   746 | D:2      | Killed Terence
   747 | D:2      | Reached skill level 1 in Throwing
   747 | D:2      | Reached XP level 3. HP: 2/33 MP: 2/2
  1410 | D:2      | Noticed Sigmund
  1416 | D:2      | Killed Sigmund
  1417 | D:2      | Reached XP level 4. HP: 40/41 MP: 3/3
  1417 | D:2      | Reached XP level 5. HP: 46/47 MP: 4/4
  2355 | D:3      | Found a white marble altar of Elyvilon.
  2357 | D:3      | Found a glowing silver altar of Zin.
  2358 | D:3      | Found a glowing golden altar of the Shining One.
  2468 | D:4      | Found Riyloemo's Jewellery Shoppe.
  2480 | D:4      | Reached skill level 5 in Armour
  2480 | D:4      | Reached XP level 6. HP: 37/53 MP: 5/5
  2784 | D:4      | Reached skill level 5 in Shields
  3140 | D:4      | Found a runed translucent door.
  3141 | D:4      | Noticed Crazy Yiuf
  3147 | D:4      | Killed Crazy Yiuf
  3148 | D:4      | Reached skill level 5 in Long Blades
  3767 | D:4      | Reached XP level 7. HP: 53/60 MP: 6/6
  3883 | D:4      | Killed from afar by an orc priest

Illustrated notes

Levels and vault maps discovered:
D:1:      saegor_arrival_simple_a, layout_loops_ring,
          shapermc_ecumenical_altar_rom_forum
D:2:      layout_loops_corners, kennysheep_generic_room_6, uniq_sigmund,
          uniq_terence
D:3:      layout_basic, good_gods_temple_1
D:4:      minmay_diamond_boxcup, layout_loops_ring, serial_shops,
          nicolae_inconvenience_store, uniq_crazy_yiuf_cottage

Skill      XL: |  1  2  3  4  5  6 |
---------------+-------------------+-----
Fighting       | 4 |  4.8
Long Blades    | 3 4 5 |  5.5
Throwing       | 1 2 3 |  3.0
Armour         | 4 5 |  5.6
Shields        | 4 5 |  5.4

Action                   |  1- 3 |  4- 6 |  7- 9 || total
-------------------------+-------+-------+-------++-------
Melee: Long sword        |    84 |   145 |    24 ||   253
       Headbutt          |    12 |    26 |     7 ||    45
Throw: Javelin           |     1 |     3 |       ||     4
  Use: Potion            |     1 |       |     1 ||     2
       Scroll            |       |     4 |       ||     4
Armor: Scale mail        |    49 |    23 |       ||    72
       Chain mail        |       |    80 |    12 ||    92
Dodge: Dodged            |    26 |    38 |     8 ||    72
Block: Kite shield       |    46 |    77 |    12 ||   135
       Rpst.: Long sword |     8 |    10 |     1 ||    19
